 Dungeon Crawl Stone Soup version 0.20.2-3-g29329e0561 (webtiles) character file.

697 Alfie the Cutter (level 7, 0/60 HPs)
             Began as a Hill Orc Fighter on Dec 6, 2023.
             Slain by Alfie's ghost (4 damage)
             ... on level 5 of the Dungeon on Dec 7, 2023.
             The game lasted 00:11:43 (3978 turns).

Alfie the Cutter (Hill Orc Fighter)                 Turns: 3978, Time: 00:11:43

Health: 0/60       AC:  9    Str: 21    XL:     7   Next: 65%
Magic:  7/7        EV:  8    Int:  8    God:
Gold:   209        SH:  9    Dex: 10    Spells: 6/6 levels left

rFire    . . .     SeeInvis .   a - +0 rapier
rCold    . . .     Gourm    .   c - +0 shield
rNeg     . . .     Faith    .   b - +0 scale mail
rPois    .         Spirit   .   (no helmet)
rElec    .         Reflect  .   t - +0 cloak
rCorr    .         Harm     .   l - +0 pair of gloves
MR       .....                  (no boots)
Stlth    ..........             (no amulet)
Regen    0.2/turn               (no ring)
MPRegen  0.1/turn               (no ring)

@: no status effects
A: no striking features
a: no special abilities


You were on level 5 of the Dungeon.
You were not hungry.

You visited 1 branch of the dungeon, and saw 5 of its levels.

You collected 209 gold pieces.

Inventory:

Hand Weapons
 a - a +0 rapier (weapon)
Missiles
 w - 6 poisoned tomahawks
 x - a tomahawk (quivered)
Armour
 b - a +0 scale mail (worn)
 c - a +0 shield (worn)
 l - a +0 pair of gloves (worn)
 t - a +0 cloak (worn)
Jewellery
 k - a +3 ring of dexterity {unknown}
 y - a +4 ring of evasion {unknown}
Wands
 A - a wand of lightning (9/15)
Scrolls
 g - 3 scrolls of remove curse
 j - a scroll of noise {unknown}
 m - 2 scrolls of recharging
 n - a scroll of teleportation
 q - a scroll of enchant weapon {unknown}
 r - a scroll of enchant armour {unknown}
 v - a scroll of amnesia {unknown}
Potions
 e - a potion of invisibility {unknown}
 i - a potion of magic {unknown}
 o - a potion of heal wounds {unknown}
 p - a potion of agility {unknown}
 s - a potion of cancellation {unknown}
 u - 2 potions of lignification {unknown}
 z - a potion of haste {unknown}
Books
 d - a book of Misfortune

   Spells                             Type                      Level
   a - Confusing Touch                Hexes                        1
   b - Confuse                        Hexes                        3
   c - Gell's Gravitas                Translocation                3
   d - Petrify                        Transmutation/Earth          4
   e - Metabolic Englaciation         Hexes/Ice                    5
   f - Yara's Violent Unravelling     Hexes/Transmutation          5
Comestibles
 f - 3 bread rations
 h - 2 meat rations


   Skills:
 + Level 4.8 Fighting
 + Level 5.5 Short Blades
 + Level 0.3 Throwing
 + Level 5.2 Armour
 + Level 1.7 Dodging
 + Level 0.3 Stealth
 + Level 4.8 Shields


You had 6 spell levels left.
You didn't know any spells.

Dungeon Overview and Level Annotations

Branches:
Dungeon (5/15)
 Temple: D:4-7

Altars:
Cheibriados
Makhleb
Okawaru
Yredelemnul
The Shining One

Shops:
D:4 (

Annotations:
D:5 Alfie's ghost, amateur HOFi


Message History

You hit Alfie's ghost but do no damage.
Alfie's ghost is moderately damaged.
Alfie's ghost closely misses you.
The crimson imp laughs crazily.
The crimson imp hits you.
* * * LOW HITPOINT WARNING * * *
You hit Alfie's ghost.
Alfie's ghost is moderately damaged.
You block Alfie's ghost's attack.
The crimson imp blinks!
You hit Alfie's ghost.
Alfie's ghost is moderately damaged.
Alfie's ghost hits you!
* * * LOW HITPOINT WARNING * * *
You hit Alfie's ghost but do no damage.
Alfie's ghost is moderately damaged.
Alfie's ghost hits you but does no damage.
You hit Alfie's ghost.
Alfie's ghost is heavily damaged.
Alfie's ghost hits you.
You die...

... ..# ..### . #...
.. ..# #.. ..# ....##
#######5# #.# #.(#...
........# #.# #.......
.......W# #.##........
..#####@## #....#
..... #..# #...# .....
##.####..####.....
#####..#......#......
..........####....####
.............(.##
##..## #
#......#######..#
##.## ## #.......##
##..# #..###.
.........# ##...##
#..##..


You could see Alfie's ghost and a crimson imp.

Vanquished Creatures
  Duvessa (D:4)
  Blork the orc (D:4)
  Dowan (D:4)
  2 crimson imps
  Crazy Yiuf (D:4)
  An orc priest (D:3)
  An orc wizard (D:5)
  2 iguanas
  3 worker ants
  A hound skeleton (D:4)
  9 adders
  A worm (D:3)
  A dart slug (D:2)
  6 leopard geckos
  8 orcs
  5 giant cockroaches
  6 goblins
  5 hobgoblins
  14 jackals
  3 quokkas (D:3)
  6 bats
  4 frilled lizards
  11 kobolds
  A quokka skeleton (D:5)
  A quokka zombie (D:5)
  7 rats
102 creatures vanquished.

Notes
Turn   | Place    | Note
-------+----------+-------------------------------------------
     0 | D:1      | Alfie the Hill Orc Fighter began the quest for the Orb.
     0 | D:1      | Reached XP level 1. HP: 19/19 MP: 1/1
   100 | D:1      | Reached XP level 2. HP: 27/27 MP: 2/2
   783 | D:2      | Reached XP level 3. HP: 32/33 MP: 3/3
  1090 | D:2      | Found a burning altar of Makhleb.
  1242 | D:2      | Reached XP level 4. HP: 22/40 MP: 4/4
  2017 | D:3      | Reached XP level 5. HP: 37/46 MP: 5/5
  2124 | D:3      | Found a basalt altar of Yredelemnul.
  2124 | D:3      | Found a glowing golden altar of the Shining One.
  2432 | D:3      | Reached skill level 1 in Dodging
  2573 | D:3      | Found an iron altar of Okawaru.
  2573 | D:3      | Found a snail-covered altar of Cheibriados.
  2644 | D:4      | Reached XP level 6. HP: 30/52 MP: 6/6
  2663 | D:4      | Found Paoxod's Antique Weapon Boutique.
  2672 | D:4      | Noticed Blork the orc
  2693 | D:4      | Killed Blork the orc
  2722 | D:4      | Found a runed door.
  2726 | D:4      | Noticed Crazy Yiuf
  2730 | D:4      | Killed Crazy Yiuf
  2730 | D:4      | Reached skill level 5 in Armour
  3291 | D:4      | Noticed Duvessa
  3291 | D:4      | Noticed Dowan
  3300 | D:4      | Killed Duvessa
  3300 | D:4      | Reached XP level 7. HP: 44/60 MP: 7/7
  3317 | D:4      | Killed Dowan
  3317 | D:4      | Reached skill level 5 in Short Blades
  3546 | D:5      | Entered Level 5 of the Dungeon
  3952 | D:5      | Noticed Alfie's ghost (amateur HOFi)
  3978 | D:5      | Slain by Alfie's ghost

Skill      XL: |  1  2  3  4  5  6  7 |
---------------+----------------------+-----
Fighting       | 4 |  4.8
Armour         | 4 5 |  5.2
Short Blades   | 3 4 5 |  5.5
Shields        | 4 |  4.8
Dodging        | 1 |  1.7
Throwing       | |  0.3
Stealth        | |  0.3

Action                   |  1- 3 |  4- 6 |  7- 9 || total
-------------------------+-------+-------+-------++-------
Melee: Rapier            |   128 |   279 |   110 ||   517
Throw: Tomahawk          |       |       |    13 ||    13
  Use: Scroll            |       |     5 |       ||     5
       Potion            |       |     2 |       ||     2
  Eat: Fruit             |     1 |     8 |     1 ||    10
       Royal jelly       |       |     1 |       ||     1
Armor: Scale mail        |    68 |   109 |    37 ||   214
Dodge: Dodged            |    40 |    67 |    32 ||   139
Block: Shield            |    88 |   139 |    50 ||   277
